 Dungeon Crawl Stone Soup version 0.14-a0-2618-g5301534 (webtiles) character file.

109 Kae the Insei (level 3, 26/28 HPs)
             Began as a Draconian Transmuter on Feb 14, 2014.
             Quit the game on Level 2 of the Dungeon.
             The game lasted 00:01:49 (1430 turns).

Kae the Insei (Draconian Transmuter)                Turns: 1430, Time: 00:01:49

HP  26/28        AC  7     Str 12      XL: 3   Next: 51%
MP   6/6         EV 12     Int 13      God:
Gold 60          SH  0     Dex 12      Spells:  3 memorised,  0 levels left

rFire  . . .     SeeInvis .       - Unarmed
rCold  . . .     Clarity  .     (armour unavailable)
rNeg   . . .     Conserve .     (no shield)
rPois  .         rCorr    .     (helmet restricted)
rElec  .         rRot     .     g - +0 cloak
SustAb . .       Spirit   .     c - +0 pair of gloves
rMut   .         Warding  .     (no boots)
Saprov . . .     Stasis   .     (no amulet)
MR     .....                    (no ring)
                                (no ring)

@: very slightly contaminated, not resistant to hostile enchantments, unstealthy
A: unfitting armour, deterioration 2, fast metabolism 1, AC +5
a: no special abilities


You were on level 2 of the Dungeon.
You were starving.

You visited 1 branch of the dungeon, and saw 2 of its levels.

You collected 60 gold pieces.

Inventory:

Missiles
 b - 12 arrows
Armour
 c - a +0 pair of gloves (worn)
 g - a +0 cloak (worn)
Comestibles
 a - 2 bread rations
 r - a meat ration
Scrolls
 e - 2 scrolls of teleportation {unknown}
 m - a scroll of identify {unknown}
 n - a scroll of remove curse {unknown}
 p - a scroll of enchant weapon II {unknown}
 q - a scroll of random uselessness {unknown}
 v - a scroll of enchant weapon I {unknown}
Jewellery
 f - a +0,+5 ring of slaying {unknown}
 h - a +2 ring of intelligence {unknown}
 i - an uncursed ring of flight {unknown}
 t - a +3 ring of intelligence {unknown}
Potions
 j - a potion of might {unknown}
 k - a potion of lignification {unknown}
 l - a potion of brilliance {unknown}
 o - a potion of degeneration {unknown}
 s - a potion of curing
 u - a potion of poison {unknown}
Books
 d - a book of Changes

   Spells                             Type                      Level
   *Beastly Appendage                 Transmutation                1
   *Sticks to Snakes                  Transmutation                2
   *Spider Form                       Transmutation/Poison         3
   Ice Form                           Ice/Transmutation            4
   Blade Hands                        Transmutation                5


   Skills:
 - Level 1.1 Fighting
 - Level 1.7 Dodging
 * Level 4.2 Unarmed Combat
 - Level 2.0 Spellcasting
 + Level 2.6 Transmutations


You couldn't memorise any spells.
You knew the following spells:

 Your Spells              Type           Power        Failure   Level  Hunger
a - Beastly Appendage     Trmt           #.....       10%         1    ##.....
b - Sticks to Snakes      Trmt           #.........   14%         2    ###....
c - Spider Form           Trmt/Pois      #.........   52%         3    ####...


Dungeon Overview and Level Annotations

Branches:
Dungeon (2/16)

Altars:


Innate Abilities, Weirdness & Mutations

Your plain brown scales are hard (AC +5).*
Your body does not fit into most forms of armour.
Your cold-blooded metabolism reacts poorly to cold.
Your body is deteriorating.
You have a fast metabolism.


Message History

Things that are here:
a trident; a ring mail
There is a stone staircase leading up here.
You start resting.
Your body shudders with the violent release of wild energies!
You feel yourself wasting away.
You start resting.
Magic restored.
You start resting.
Your body shudders with the violent release of wild energies!
You feel a little hungry.
You start resting.
You are near starving!
You start resting.
You feel less contaminated with magical energies.
You start resting.
You start resting.
You are starving!
You're too hungry to rest.
Are you sure you want to abandon this character and quit the game? (Confirm with "yes".)

.#.#.#......##.##..#....>.....
# #.#......##.##..##........#
#.#......##.##..##........#
#...........##..##........#
#..#####.##.##..##........#
#..............%...).......
..............###........#
........).#..# #.........
..#.##.#@.#..# #....##..#
.....#.....###....##..#
#.#..#..#.............. #
#.....#..###....##..#
#.....#..# #....##..#
#........# #....##@##
.........# #....##.#
.##.#...###....##'##
.............#....


There were no monsters in sight!

Vanquished Creatures
  Terence (D:2)
  A giant mite (D:1)
  2 giant geckos
  3 bats
  A giant cockroach (D:2)
  4 goblins
  3 hobgoblins
  4 kobolds
  A quokka (D:2)
  2 jackals (D:1)
  4 rats
26 creatures vanquished.

Notes
Turn   | Place    | Note
--------------------------------------------------------------
     0 | D:1      | Kae, the Draconian Transmuter, began the quest for the Orb.
     0 | D:1      | Reached XP level 1. HP: 16/16 MP: 3/3
    86 | D:1      | Reached XP level 2. HP: 18/23 MP: 4/4
   814 | D:2      | Reached XP level 3. HP: 24/28 MP: 6/6
   844 | D:2      | Noticed Terence
   888 | D:1      | Reached skill level 4 in Unarmed Combat
  1172 | D:1      | Learned a level 2 spell: Sticks to Snakes
  1176 | D:1      | Learned a level 3 spell: Spider Form
  1180 | D:1      | Gained mutation: Your body is slowly deteriorating. [mutagenic glow]
  1190 | D:2      | Killed Terence
  1220 | D:2      | Gained mutation: Your body is deteriorating. [mutagenic glow]
  1271 | D:2      | Gained mutation: You have a fast metabolism. [mutagenic glow]
  1430 | D:2      | Quit the game

Action                   || total
-------------------------++-------
Melee: Unarmed           ||    93
 Cast: Beastly Appendage ||     1
       Spider Form       ||     1
 Stab: Sleeping          ||     1
